 Dungeon Crawl Stone Soup version 0.17-a0-1504-gb7d9117 (webtiles) character file.

4407 Chiseanne the Covered (level 10, -5/77 HPs)
             Began as a Demonspawn Warper on July 9, 2015.
             Was an Initiate of Gozag.
             Slain by a centaur simulacrum (18 damage)
             ... on level 10 of the Dungeon.
             The game lasted 00:34:45 (9292 turns).

Chiseanne the Covered (Demonspawn Warper)           Turns: 9292, Time: 00:34:45

Health: -5/77      AC:  9    Str: 14    XL:     10   Next: 14%
Magic:  18/18      EV: 13    Int: 14    God:    Gozag
Gold:   661        SH:  0    Dex: 14    Spells: 5 memorised, 8 levels left

rFire  + + .     SeeInvis .     a - +6 scimitar of Flaming Death {sticky flame, rPois rF++ rC- MR+}
rCold  x . .     Clarity  .     h - +1 ring mail
rNeg   . . .     SustAt   .     (no shield)
rPois  +         Gourm    .     (no helmet)
rElec  .         Spirit   .     G - +0 cloak
rCorr  .         Warding  .     (no gloves)
rMut   .         Stasis   .     (no boots)
MR     +....                    (no amulet)
Stlth  +.........               (no ring)
                                (no ring)

@: somewhat resistant to hostile enchantments, very unstealthy
A: talons 1, demonic guardian 1, powered by death 2
a: Potion Petition, Call Merchant, Bribe Branch, Renounce Religion


You were on level 10 of the Dungeon.
You worshipped Gozag.
Gozag was noncommittal.
You were not hungry.

You visited 2 branches of the dungeon, and saw 11 of its levels.

You collected 2553 gold pieces.
You spent 774 gold pieces at shops.
You paid 1118 gold pieces to Gozag.

Inventory:

Hand weapons
 a - the +6 scimitar of Flaming Death (weapon) {sticky flame, rPois rF++ rC- MR+}
   (You bought it in a shop on level 10 of the Dungeon)

   It has been specially enchanted to burn those struck by it, causing extra
   injury to most foes and up to half again as much damage against particularly
   susceptible opponents.
   Big, fiery blades are also staple armaments of hydra-hunters.
   It greatly protects you from fire.
   It makes you vulnerable to cold.
   It protects you from poison.
   It affects your resistance to hostile enchantments.
 e - a +0 shortbow of freezing
 s - a +3 mace of protection
 w - a +0 blowgun
 C - a +2 dagger of venom
 K - a +2 flail of protection
Missiles
 b - 58 bolts
 p - 3 tomahawks (quivered)
 u - 112 arrows
 v - 36 poisoned needles
 y - 14 silver bolts
 z - 6 javelins
 B - 15 bolts of flame
 N - 7 arrows of dispersal
 S - 24 sling bullets of frost
 X - 21 arrows of frost
Armour
 h - a +1 ring mail (worn)
 G - a +0 cloak (worn)
 J - a +0 leather armour of magic resistance
 Z - a +1 leather armour of poison resistance
Magical staves
 Q - an uncursed staff of power {unknown}
Jewellery
 g - a +3 ring of protection {unknown}
 x - an uncursed ring of positive energy {unknown}
 H - a cursed ring of loudness {unknown}
 P - an uncursed ring of sustain attributes {unknown}
Scrolls
 d - a scroll of blinking
 q - a scroll of immolation
 r - 4 scrolls of enchant weapon
 D - 2 scrolls of fog
 E - a scroll of fear
 O - 3 scrolls of amnesia
 V - a scroll of teleportation
Potions
 k - a potion of might
 l - a potion of heal wounds
 m - a potion of mutation {unknown}
 n - 2 potions of agility {unknown}
 o - 5 potions of curing
 t - a potion of flight {unknown}
 A - a potion of berserk rage
 F - a potion of magic {unknown}
 L - a potion of cure mutation {unknown}
 U - a potion of lignification {unknown}
 Y - a potion of invisibility
Books
 c - a book of Spatial Translocations

   Spells                             Type                      Level
   a - Apportation                    Translocation                1
   b - Blink                          Translocation                2
   c - Shroud of Golubria             Charms/Translocation         2
   d - Portal Projectile              Translocation                3
   e - Teleport Other                 Translocation                3
   f - Passage of Golubria            Translocation                4
 I - a book of Summonings

   Spells                             Type                      Level
   a - Recall                         Summoning/Translocation      3
   b - Aura of Abjuration             Summoning                    5
   c - Shadow Creatures               Summoning                    5
   d - Summon Demon                   Summoning                    5
   e - Summon Forest                  Summoning/Translocation      5
   f - Summon Mana Viper              Hexes/Summoning              5
 M - a book of Changes

   Spells                             Type                      Level
   a - Beastly Appendage              Transmutation                1
   b - Sticks to Snakes               Transmutation                2
   c - Spider Form                    Transmutation/Poison         3
   d - Ice Form                       Ice/Transmutation            4
   e - Blade Hands                    Transmutation                5
 R - a book of Flames

   Spells                             Type                      Level
   a - Flame Tongue                   Conjuration/Fire             1
   b - Throw Flame                    Conjuration/Fire             2
   c - Conjure Flame                  Conjuration/Fire             3
   d - Inner Flame                    Hexes/Fire                   3
   e - Sticky Flame                   Conjuration/Fire             4
   f - Fireball                       Conjuration/Fire             5
 T - a book of Changes

   Spells                             Type                      Level
   a - Beastly Appendage              Transmutation                1
   b - Sticks to Snakes               Transmutation                2
   c - Spider Form                    Transmutation/Poison         3
   d - Ice Form                       Ice/Transmutation            4
   e - Blade Hands                    Transmutation                5
 W - a book of Spatial Translocations

   Spells                             Type                      Level
   a - Apportation                    Translocation                1
   b - Blink                          Translocation                2
   c - Shroud of Golubria             Charms/Translocation         2
   d - Portal Projectile              Translocation                3
   e - Teleport Other                 Translocation                3
   f - Passage of Golubria            Translocation                4
Comestibles
 f - 11 bread rations
 i - 7 meat rations
 j - 4 slices of pizza


   Skills:
 - Level 6.4 Fighting
 * Level 0.0 Long Blades
   Level 1.7 Axes
 - Level 0.8 Throwing
 - Level 7.7 Armour
 + Level 5.5 Dodging
 * Level 5.9 Spellcasting
 + Level 6.4 Translocations


You had 8 spell levels left.
You knew the following spells:

 Your Spells              Type           Power        Failure   Level  Hunger
a - Apportation           Tloc           ###.......   2%          1    None
b - Blink                 Tloc           N/A          3%          2    #......
c - Shroud of Golubria    Chrm/Tloc      ##........   14%         2    #......
d - Passage of Golubria   Tloc           N/A          24%         4    ####...
e - Teleport Other        Tloc           ###.....     10%         3    ###....


Dungeon Overview and Level Annotations

Branches:
Dungeon (10/15)            Temple (1/1) D:4             Orc (0/4) D:9
   Lair: D:8-11

Altars:
Ashenzari
Cheibriados
Dithmenos
Elyvilon
Fedhas
Gozag
Kikubaaqudgha
Makhleb
Nemelex Xobeh
Okawaru
Qazlal
Ru
Sif Muna
Trog
Vehumet
Xom
Yredelemnul
Zin
The Shining One

Shops:
D:10 (   D:11 (

Annotations:
D:3 Torax's ghost, average DrTm


Innate Abilities, Weirdness & Mutations

You have sharp toenails.
A weak demonic guardian rushes to your aid.
You regenerate health from kills.


Message History

Wield which item (- for none, * to show all)? (? for menu, Esc to quit)
You feel less protected.
The scimitar bursts into red hot flame!
a - the +6 scimitar of Flaming Death (weapon)
{sticky flame, rPois rF++ rC- MR+} An ice beast comes into view.
Your crimson imp blinks!
Found 21 gold pieces.
You hit the centaur simulacrum.
You melt the centaur simulacrum.
The centaur simulacrum hits you. The centaur simulacrum freezes you!!
You feel a terrible chill!
The centaur simulacrum completely misses you.
You slash the centaur simulacrum!
You melt the centaur simulacrum!
Your kick misses the centaur simulacrum.
The centaur simulacrum hits you. The centaur simulacrum freezes you!!
You feel a terrible chill!
* * * LOW HITPOINT WARNING * * *
The centaur simulacrum hits you.
* * * LOW HITPOINT WARNING * * *
The centaur simulacrum freezes you!!
You feel a terrible chill!
You die...
Your body crumbles into a pile of gold.

.# .# .### . .#.# ..
.#.# .#. .#'## ....
....# .Y.#$ ....#
########...... ..#.#
#.....@Z......
....#######.5.....#.#...
.###..............# .+
#.##..#....##..# .#
#.##.......##..# .#
#..........##....
#..........##.####
#.##..........#
#.............+


You could see an ice beast, a centaur simulacrum and a friendly crimson imp.

Vanquished Creatures
  A hill giant (D:9)
  Maurice (D:8)
  A hippogriff (D:8)
  A yak (D:10)
  A human (D:8)
  A wolf (D:10)
  Edmund (D:5)
  2 orc warriors (D:6)
  An ice beast (D:6)
  3 phantoms
  A sky beast (D:7)
  3 ogres
  4 centaurs
  A big kobold (D:7)
  A giant frog (D:7)
  3 scorpions
  A water moccasin skeleton (D:9)
  2 electric eels (D:10)
  A centaur zombie (D:8)
  2 crimson imps
  5 orc priests
  6 hounds
  4 jellies
  A giant frog skeleton (D:7)
  A centaur skeleton (D:9)
  An iguana (D:7)
  7 orc wizards
  6 worker ants
  A hound skeleton (D:7)
  Natasha (D:3)
  5 adders
  5 gnolls
  2 shadow imps
  3 oozes
  An adder skeleton (D:8)
  A worm (D:5)
  2 giant geckos (D:5)
  23 orcs
  17 bats
  9 goblins
  13 hobgoblins
  3 jackals (D:5)
  5 quokkas
  2 ball pythons
  5 giant cockroaches
  4 giant newts
  A jackal zombie (D:7)
  13 kobolds
  A quokka skeleton (D:6)
  15 rats
195 creatures vanquished.

Vanquished Creatures (collateral kills)
  Prince Ribbit (D:5)
  Menkaure (D:5)
  A black bear (D:9)
  A sky beast (D:5)
  A hound (D:4)
  An orc priest (D:9)
  Natasha (D:3)
  An adder (D:3)
  A giant gecko (D:4)
  4 orcs
  A bat (D:3)
  A giant newt (D:6)
  A goblin (D:7)
16 creatures vanquished.

Vanquished Creatures (others)
  2 orcs
2 creatures vanquished.

Grand Total: 213 creatures vanquished

Notes
Turn   | Place    | Note
--------------------------------------------------------------
     0 | D:1      | Chiseanne the Demonspawn Warper began the quest for the Orb.
     0 | D:1      | Reached XP level 1. HP: 16/16 MP: 3/3
   290 | D:1      | Gained mutation: A weak demonic guardian rushes to your aid. [demonic ancestry]
   290 | D:1      | Reached XP level 2. HP: 22/22 MP: 5/5
   550 | D:1      | Reached skill level 3 in Translocations
   579 | D:1      | Learned a level 2 spell: Blink
   582 | D:1      | Learned a level 2 spell: Shroud of Golubria
  1134 | D:2      | Found a sacrificial altar of Ru.
  1137 | D:2      | Found a sparkling altar of Nemelex Xobeh.
  1140 | D:2      | Found a snail-covered altar of Cheibriados.
  1178 | D:2      | Reached XP level 3. HP: 24/28 MP: 6/6
  1984 | D:3      | Noticed Natasha
  1990 | D:3      | Reached skill level 1 in Armour
  1993 | D:3      | Killed Natasha
  1993 | D:3      | Gained mutation: You regenerate a little health from kills. [demonic ancestry]
  1993 | D:3      | Reached XP level 4. HP: 13/34 MP: 7/7
  2002 | D:3      | Noticed Natasha
  2007 | D:3      | Killed Natasha
  2228 | D:3      | Noticed Torax's ghost (average DrTm)
  2857 | D:4      | Found a shadowy altar of Dithmenos.
  2869 | D:4      | Found a staircase to the Ecumenical Temple.
  2883 | Temple   | Entered the Ecumenical Temple
  2898 | Temple   | Became a worshipper of Gozag Ym Sagoz the Greedy
  3121 | D:4      | Gained mutation: You have sharp toenails. [demonic ancestry]
  3121 | D:4      | Reached XP level 5. HP: 34/40 MP: 9/9
  3640 | D:5      | Entered Level 5 of the Dungeon
  3652 | D:5      | Gained mutation: You regenerate health from kills. [demonic ancestry]
  3652 | D:5      | Reached XP level 6. HP: 43/47 MP: 10/10
  3668 | D:5      | Noticed Edmund
  3711 | D:5      | Killed Edmund
  3711 | D:5      | Reached skill level 4 in Translocations
  3736 | D:5      | Noticed Prince Ribbit
  3762 | D:5      | Noticed a sky beast
  3779 | D:5      | Killed a sky beast
  3899 | D:5      | You fall through a shaft for 3 floors!
  3913 | D:8      | Noticed a hippogriff
  3923 | D:8      | Killed a hippogriff
  3923 | D:8      | Reached XP level 7. HP: 41/53 MP: 10/12
  4058 | D:8      | Identified a scroll of acquirement
  4290 | D:7      | Learned a level 4 spell: Passage of Golubria
  4331 | D:7      | Learned a level 3 spell: Teleport Other
  4460 | D:6      | Reached XP level 8. HP: 18/61 MP: 13/13
  4829 | D:5      | Noticed a centaur
  4839 | D:5      | Killed a centaur
  4839 | D:5      | Reached skill level 5 in Armour
  4839 | D:5      | Reached skill level 5 in Translocations
  5063 | D:5      | Killed Prince Ribbit
  5066 | D:5      | Noticed an ogre
  5073 | D:5      | Killed an ogre
  5261 | D:5      | Noticed Menkaure
  5268 | D:5      | Killed Menkaure
  5268 | D:5      | Reached skill level 5 in Fighting
  6470 | D:7      | Reached XP level 9. HP: 61/68 MP: 16/16
  6513 | D:7      | Reached skill level 6 in Armour
  6687 | D:7      | Reached skill level 5 in Spellcasting
  7533 | D:8      | Noticed Maurice
  7577 | D:8      | Killed Maurice
  7577 | D:8      | Reached skill level 5 in Dodging
  7982 | D:8      | Noticed a human
  8009 | D:8      | Killed a human
  8256 | D:9      | Reached skill level 7 in Armour
  8328 | D:9      | Noticed a hill giant
  8339 | D:9      | Killed a hill giant
  8368 | D:9      | Found a staircase to the Orcish Mines.
  8478 | D:9      | Reached XP level 10. HP: 48/76 MP: 18/18
  8989 | D:10     | Entered Level 10 of the Dungeon
  9131 | D:10     | Found Onet's Weapon Emporium.
  9135 | D:10     | Bought the +6 scimitar of Flaming Death {sticky flame, rPois rF++ rC- MR+} for 774 gold pieces
  9292 | D:10     | Slain by a centaur simulacrum

Vault maps used:
D:1:      nicolae_arrival_washed_ashore
D:2:      grunt_temple_overflow_diamond
D:3:      uniq_natasha
D:4:      minmay_temple_entry_crystal_x, first_bread,
          nicolae_dithmenos_shadow_blocks
D:5:      uniq_menkaure, uniq_prince_ribbit1, uniq_edmund
D:6:      lightli_orcish_oven
D:8:      grunt_pizzeria, uniq_maurice
D:9:      orc_0_dummy
D:10:     serial_ice, serial_ice_e, serial_ice_b, serial_ice_f, serial_ice_k,
          uniq_joseph
Temple:   nicolae_temple_the_god_donut

Action                   |  1- 3 |  4- 6 |  7- 9 | 10-12 || total
-------------------------+-------+-------+-------+-------++-------
Melee: Hand axe          |   132 |   123 |       |       ||   255
       Mace              |       |    53 |   554 |    55 ||   662
       Scimitar          |       |       |       |     2 ||     2
 Fire: Blowgun           |       |     6 |    54 |     9 ||    69
       Shortbow          |       |       |    10 |       ||    10
Throw: Tomahawk          |       |     9 |     3 |       ||    12
       Javelin           |       |       |    33 |       ||    33
 Cast: Shroud of Golubri |       |     1 |       |       ||     1
       Teleport Other    |       |       |     1 |       ||     1
       Apportation       |       |       |       |     5 ||     5
Invok: Call Merchant     |       |       |     1 |     1 ||     2
  Use: Scroll            |     5 |    10 |     6 |       ||    21
       Potion            |       |     1 |     1 |     2 ||     4
 Stab: Distracted        |       |     1 |     1 |     1 ||     3
  Eat: Chunk             |     3 |     2 |       |       ||     5
       Bread ration      |       |     1 |     2 |       ||     3
       Pizza             |       |     1 |     4 |       ||     5
       Beef jerky        |       |       |     1 |     1 ||     2
       Fruit             |       |       |     7 |       ||     7
